 Dungeon Crawl Stone Soup version 0.25.1-2-g60ff931df9 (webtiles) character file.

Game seed: 12858857974009843271

21 Talorius the Magician (level 2, 0/17 HPs)
             Began as an Octopode Wizard on Nov 23, 2020.
             Slain by an adder (1 damage)
             ... on level 2 of the Dungeon.
             The game lasted 00:02:45 (1361 turns).

Talorius the Magician (Octopode Wizard)             Turns: 1361, Time: 00:02:45

Health: 0/17       AC:  1    Str:  6    XL:     2   Next: 87%
Magic:  1/6        EV: 13    Int: 20    God:
Gold:   8          SH:  0    Dex: 10    Spells: 7/8 levels left

rFire    . . .     SeeInvis .   (no weapon)
rCold    . . .     Gourm    .   (no shield)
rNeg     . . .     Faith    .   a - +0 hat
rPois    .         Spirit   .   (no amulet)
rElec    .         Reflect  .   (no ring)
rCorr    .         Harm     .   (no ring)
MR       .....                  (no ring)
Stlth    +++.......             (no ring)
HPRegen  0.05/turn              (no ring)
MPRegen  0.10/turn              (no ring)
                                (no ring)
                                (no ring)

@: lethally poisoned (0 -> -4)
A: almost no armour, stealthy swim, amphibious, 8 rings, constrict 8, camouflage
1, gelatinous body 1
a: no special abilities


You were on level 2 of the Dungeon.
You were very hungry.

You visited 1 branch of the dungeon, and saw 2 of its levels.

You collected 8 gold pieces.

Inventory:

Armour
 a - a +0 hat (worn)
Jewellery
 d - an uncursed ring of ice
Comestibles
 c - 3 rations


   Skills:
 + Level 2.2 Dodging
 - Level 2.6 Stealth
 + Level 3.5 Spellcasting
 + Level 1.5 Conjurations
   Level 1.0 Summonings
   Level 1.0 Translocations


You had 7 spell levels left.
You knew the following spells:

 Your Spells              Type           Power        Failure   Level  Hunger
a - Magic Dart            Conj           #...         7%          1    None

Your spell library contained the following spells:

 Spells                   Type           Power        Failure   Level  Hunger
 Blink                    Tloc           N/A          14%         2    ##.....
 Call Imp                 Summ           #.......     14%         2    ##.....
 Slow                     Hex            #.......     21%         2    ##.....
 Conjure Flame            Conj/Fire      #.......     28%         3    ###....
 Mephitic Cloud           Conj/Pois/Air  #.......     32%         3    ###....


Dungeon Overview and Level Annotations

Branches:
Dungeon (2/15)

Altars:


Innate Abilities, Weirdness & Mutations

You cannot wear most types of armour.
You are very stealthy in the water. (Stealth+)
You are amphibious.
You can wear up to eight rings at the same time.
You can use your tentacles to constrict eight enemies at once.
Your skin changes colour to match your surroundings (Stealth+).
Your rubbery body absorbs attacks. (AC +1, EV +1)


Message History

You miss the adder. Your grab misses the adder.
The adder is almost dead.
The adder barely misses you. The adder bites you.
You are poisoned.
The adder poisons you!
You closely miss the adder. You grab the adder.
The adder is almost dead.
You constrict the adder.
You feel sick. The bat hits you. The adder closely misses you.
You release your grip on the adder.
You feel sick. The bat completely misses you. The bat barely misses you.
The adder bites you.
* * * LOW HITPOINT WARNING * * *
The bat misses you.
* * * LOW HITPOINT WARNING * * *
You feel sick. The adder barely misses you. The bat barely misses you.
* * * LOW HITPOINT WARNING * * *
You feel sick. The ooze misses you. The adder bites you.
You die...

..............
.............
...........#
.#.........#
...#.......#
.....$.....##
####........#####.
####..J#.......
##gS@##... #....#
.. ###..# # ##.##
#..# ###.#######
#.....<...#
#.........#
#.........#


You could see an ooze, an adder and a goblin.

Vanquished Creatures
  2 dart slugs (D:1)
  A leopard gecko (D:1)
  A giant cockroach (D:1)
  2 hobgoblins (D:1)
  A bat (D:1)
  4 frilled lizards (D:1)
  4 kobolds (D:1)
  5 rats
20 creatures vanquished.

Notes
Turn   | Place    | Note
-------+----------+-------------------------------------------
     0 | D:1      | Talorius the Octopode Wizard began the quest for the Orb.
     0 | D:1      | Reached XP level 1. HP: 11/11 MP: 4/4
   568 | D:1      | Reached XP level 2. HP: 17/17 MP: 3/6
  1361 | D:2      | Slain by an adder

Illustrated notes

Levels and vault maps discovered:
D:1:      sevenhm_arrival_forest_fort_small_6, layout_basic,
          minmay_indecisive_spiral
D:2:      layout_rooms, first_ration, minmay_misc_feat_cross, uniq_robin,
          uniq_jessica, uniq_terence

Action                   || total
-------------------------++-------
Melee: Unarmed           ||    22
       Constrict         ||     6
       Tentacles         ||     2
 Cast: Magic Dart        ||    50
  Use: Scroll            ||     1
Armor: Skin              ||     2
Dodge: Dodged            ||    44
